 Dungeon Crawl Stone Soup version 0.24.0-2-g5b39cebb1c (webtiles) character file.

Game seed: 10991953396711958105, levelgen mode: deterministic

218493 shoretiger the Executioner (level 18, -25/176 HPs)
             Began as a Minotaur Berserker on Oct 28, 2019.
             Was a High Priest of Trog.
             Annihilated by an alligator snapping turtle (33 damage)
             ... on level 4 of the Shoals on Oct 29, 2019.
             The game lasted 02:31:31 (33810 turns).

shoretiger the Executioner (Minotaur Berserker)    Turns: 33810, Time: 02:31:31

Health: -25/176    AC: 23    Str: 25    XL:     18   Next: 42%
Magic:  0/5        EV: 14    Int:  7    God:    Trog [*****.]
Gold:   1549       SH:  0    Dex: 12    Spells: 17/17 levels left

rFire    + . .     SeeInvis +   L - +9 executioner's axe (antimagic)
rCold    . . .     Gourm    .   (shield currently unavailable)
rNeg     . . .     Faith    .   N - +6 plate armour of Muttered Phrases {-Tele rElec rF+ MR+}
rPois    .         Spirit   +   (helmet restricted)
rElec    +         Reflect  .   R - +2 cloak of Articulation {rC- Int+2 SInv}
rCorr    .         Harm     .   (no gloves)
MR       +++..     NoTele   +   (no boots)
Stlth    ..........             I - amulet of guardian spirit
HPRegen  0.39/turn              Y - ring of protection from cold
MPRegen  0.09/turn              Q - ring of protection from magic

@: hasted, studying Armour, very quick
A: retaliatory headbutt, horns 2, talons 1, deformed body, weak 1
}: 1/15 runes: gossamer
a: Berserk, Trog's Hand, Brothers in Arms, Renounce Religion


You were on level 4 of the Shoals.
You worshipped Trog.
Trog was extremely pleased with you.
You were hungry.

You visited 7 branches of the dungeon, and saw 31 of its levels.

You collected 2776 gold pieces.
You spent 1227 gold pieces at shops.

Inventory:

Hand Weapons
 L - a +9 antimagic executioner's axe (weapon)
Armour
 N - the +6 plate armour of Muttered Phrases (worn) {-Tele rElec rF+ MR+}
   (You found it on level 4 of the Lair of Beasts)

   It protects you from fire.
   It insulates you from electricity.
   It affects your resistance to hostile enchantments.
   It prevents most forms of teleportation.
 R - the +2 cloak of Articulation (worn) {rC- Int+2 SInv}
   (You found it on level 12 of the Dungeon)

   It affects your intelligence (+2).
   It makes you vulnerable to cold.
   It lets you see invisible.
Jewellery
 g - the ring of Elitism {rPois Dex+2}
   (You found it on level 2 of the Shoals)

   [ring of dexterity]

   It affects your dexterity (+2).
   It protects you from poison.
 o - the ring of Leowi {Ice rN+ Int-5 Dex+6 Stlth+}
   (You found it on level 13 of the Dungeon)

   [ring of ice]

   It enhances your ice magic.
   It affects your intelligence (-5).
   It affects your dexterity (+6).
   It makes you vulnerable to fire.
   It protects you from cold.
   It protects you from negative energy.
   It makes you more stealthy.
 p - a +5 ring of evasion
 I - an amulet of guardian spirit (around neck)
 P - the ring of Summertime {rPois rC- Dex+8}
   (You bought it in a shop on level 12 of the Dungeon)

   [ring of poison resistance]

   It affects your dexterity (+8).
   It makes you vulnerable to cold.
   It protects you from poison.
 Q - a ring of protection from magic (right hand)
 Y - a ring of protection from cold (left hand)
Wands
 s - a wand of clouds (6)
 B - a wand of enslavement (6)
 C - a wand of iceblast (23)
 E - a wand of flame (62)
 G - a wand of digging (20)
 M - a wand of acid (30)
 V - a wand of polymorph (16)
Scrolls
 f - 3 scrolls of identify
 h - 14 scrolls of remove curse
 k - 14 scrolls of teleportation
 m - 4 scrolls of blinking
 q - 2 scrolls of holy word
 t - 6 scrolls of fog
 w - 3 scrolls of magic mapping
 x - 3 scrolls of silence
 y - 5 scrolls of fear
 O - 2 scrolls of enchant armour
 U - 2 scrolls of enchant weapon
 X - a scroll of brand weapon
Potions
 a - 6 potions of might
 b - 4 potions of ambrosia
 d - 3 potions of resistance
 e - a potion of berserk rage
 j - 6 potions of curing
 l - a potion of invisibility
 n - 2 potions of brilliance
 u - 2 potions of magic
 z - a potion of agility
 A - 3 potions of flight
 F - 4 potions of haste
Books
 i - a manual of Armour
Comestibles
 c - 46 rations


   Skills:
 + Level 19.3 Fighting
 + Level 21.8 Axes
 + Level 18.1 Armour
 + Level 12.2 Dodging
   Level 0.3 Shields
 + Level 0.3 Evocations


You had 17 spell levels left.
You didn't know any spells.
Your spell library was empty.

Dungeon Overview and Level Annotations

Branches:
Dungeon (13/15)            Temple (0/1) D:7            Lair (6/6) D:8
 Shoals (4/4) Lair:3       Spider (4/4) Lair:3        Slime (0/5) Lair:6
    Orc (2/2) D:11            Elf (1/3) Orc:2        Vaults (1/5) D:13

Altars:
Ashenzari
Cheibriados
Dithmenos
Elyvilon
Fedhas
Hepliaklqana
Kikubaaqudgha
Nemelex Xobeh
Okawaru
Qazlal
Vehumet
Xom
Zin
The Shining One
Jiyva

Shops:
D:12 =   Orc:2 %:!?

Annotations:
Lair:2 2 transporters, Duaji's ghost, journeyman GrFi
Lair:4 exclusion: 4 oklob plants
Shoals:1 1 runed translucent door, Eddaez Biosh's ghost, journeyman HOFi
Shoals:4 3 runed translucent doors, puimuR's ghost, adept BaAK


Innate Abilities, Weirdness & Mutations

You reflexively headbutt those who attack you in melee.
You have a pair of horns on your head.
You have sharp toenails.
Armour fits poorly on your strangely shaped body.
You are weak. (Str -2)


Message History

The wind drake flaps its wings at your troll.
The air twists around and strikes your troll!
The alligator snapping turtle misses you.
Your troll bites the wind drake!
The wind drake dies!
Trog accepts your kill.
The merfolk siren chants a haunting song.
You resist with almost no effort.
Your troll rages.
Your troll bites the alligator snapping turtle but does no damage.
Your troll claws the alligator snapping turtle but does no damage. x2
The alligator snapping turtle bites you but does no damage.
The merfolk siren chants a haunting song.
You resist with almost no effort.
Your troll bites the alligator snapping turtle.
Your troll claws the alligator snapping turtle!
Your troll claws the alligator snapping turtle but does no damage.
The merfolk siren closely misses your troll.
The alligator snapping turtle bites you from afar!!
You die...

#.(...#.......?..........≈≈
#.$..W#...................≈
#######.........#####.....≈
.≈..........P..## ##(..≈≈
.<#####.......≈# #...≈≈
##.≈.##P≈≈≈P≈P# +..≈≈≈ .≈
#≈....#...PPP≈# #.≈≈≈≈ .≈≈
#≈.}..#...≈PPP## #≈≈≈≈≈
≈≈≈≈#≈....#.[@PPP≈P##
≈≈≈≈##≈(.##P.≈P≈P≈P≈≈
≈≈≈≈≈##†##Tt(≈≈≈P≈PPP
≈≈≈≈≈≈≈†≈m≈P≈≈≈≈PPP≈≈
≈≈≈≈≈≈†≈≈≈P≈≈.≈PPPPPP ≈
≈≈≈≈≈≈≈≈≈≈≈≈≈^≈PPP≈≈≈ ≈≈
≈≈≈≈≈≈≈≈≈≈≈≈≈≈P≈≈≈P≈≈ ≈≈≈
≈......≈P≈...≈≈≈≈≈≈P≈
PP≈≈..≈≈
..../P.≈≈≈....P≈≈≈P.#
≈≈≈≈≈≈≈≈


You could see an alligator snapping turtle, a merfolk siren and a friendly troll
(berserk).

Vanquished Creatures
  Jorgrun (D:12)
  Polyphemus (Shoals:2)
  Gastronok (Lair:1)
  Agnes (Spider:3)
  An orc warlord (Orc:1)
  8 emperor scorpions (Spider:4)
  5 ghost moths (Spider:4)
  2 entropy weavers (Spider:4)
  2 deep elf annihilators (Vaults:1)
  A merfolk javelineer (Shoals:2)
  A merfolk impaler (Shoals:1)
  Harold (Orc:1)
  Fannar (D:11)
  A vault guard (D:13)
  A catoblepas (Shoals:2)
  Erolcha (D:10)
  A hydra (Lair:5)
  A satyr (Shoals:1)
  7 death yaks
  2 merfolk aquamancers
  3 merfolk avatars
  13 two-headed ogres
  3 ogre magi
  A deep elf knight (D:13)
  4 sea snakes
  3 unseen horrors
  2 deep trolls
  A wizard (Vaults:1)
  11 harpies
  A deep elf archer (Vaults:1)
  13 orb spiders
  3 orc knights
  2 orc sorcerers (Orc:1)
  23 wolf spiders
  10 fauns
  An ugly thing (D:11)
  6 cyclopes
  8 manticores
  3 moths of wrath
  16 elephants
  4 merfolk sirens
  7 black mambas
  A water nymph (Shoals:3)
  A gargoyle (D:10)
  2 kobold demonologists (D:13)
  8 spiny frogs
  4 centaur skeletons
  13 demonic crawlers
  9 komodo dragons
  19 merfolk
  14 trolls
  5 polar bears
  22 jumping spiders
  4 wind drakes
  24 blink frogs
  9 hornets
  3 slime creatures (D:12)
  6 snapping turtles
  8 dream sheep
  9 hippogriffs
  A vampire (D:13)
  64 redbacks
  28 tarantellas
  4 wyverns
  20 yaks
  Sigmund (D:4)
  A wraith (D:5)
  8 water elementals
  14 spriggans
  A steam dragon (Lair:4)
  5 basilisks
  3 hungry ghosts
  3 wargs
  7 water moccasins
  Duvessa (D:5)
  10 porcupines
  5 sky beasts
  23 orc warriors
  5 black bears
  10 ice beasts
  28 ogres
  9 boggarts
  4 phantoms
  A necrophage (D:6)
  3 centaurs
  21 wolves
  2 big kobolds
  4 crocodiles
  A wyvern zombie (D:6)
  21 bullfrogs
  Dowan (D:5)
  2 water moccasin zombies (D:8)
  3 scorpions
  2 howler monkeys
  2 vampire bats (Lair:1)
  8 wights
  2 electric eels
  2 bullfrog zombies
  7 crimson imps
  3 centaur zombies
  2 jellies
  20 orc priests
  Crazy Yiuf (D:2)
  A hound (D:6)
  19 orc wizards
  3 bullfrog skeletons
  3 iguanas
  14 worker ants
  A hound zombie (D:7)
  A hound skeleton (D:8)
  Robin (D:2)
  3 gnolls (D:4)
  13 adders
  3 shadow imps
  3 oozes
  3 adder skeletons
  A worm (D:2)
  2 dart slugs
  7 leopard geckos
  88 orcs
  2 ball pythons
  15 bats
  7 giant cockroaches
  15 goblins
  7 hobgoblins
  6 jackals
  19 kobolds
  5 quokkas
  4 frilled lizards
  A jackal zombie (D:2)
  8 rats
  A bush (D:8)
  A fungus (Lair:5)
  7 plants
966 creatures vanquished.

Vanquished Creatures (collateral kills)
  A vault warden (Vaults:1)
  An ironheart preserver (Vaults:1)
  2 hydras (Lair:5)
  A centaur warrior (Vaults:1)
  An alligator snapping turtle (Shoals:4)
  An ogre mage (Vaults:1)
  A sea snake (Shoals:4)
  2 harpies (Shoals:2)
  A water nymph (Shoals:3)
  A jumping spider (Spider:3)
  2 merfolk
  A wind drake (Shoals:4)
  3 dream sheep
  A hippogriff (Shoals:3)
  A snapping turtle (Shoals:4)
20 creatures vanquished.

Vanquished Creatures (others)
  2 kobolds (D:10)
  2 fungi
  4 plants
  8 tentacles (Shoals:3)
16 creatures vanquished.

Grand Total: 1002 creatures vanquished

Notes
Turn   | Place    | Note
-------+----------+-------------------------------------------
     0 | D:1      | shoretiger the Minotaur Berserker began the quest for the
                  | Orb.
     0 | D:1      | Reached XP level 1. HP: 19/19 MP: 0/0
   181 | D:1      | Reached skill level 4 in Axes
   181 | D:1      | Reached XP level 2. HP: 26/27 MP: 1/1
   400 | D:2      | Reached XP level 3. HP: 31/33 MP: 2/2
   408 | D:2      | Reached ** piety under Trog
   502 | D:2      | Found a runed translucent door.
   503 | D:2      | Noticed Crazy Yiuf
   509 | D:2      | Killed Crazy Yiuf
   604 | D:2      | Reached XP level 4. HP: 37/40 MP: 3/3
   613 | D:2      | Reached skill level 5 in Axes
   830 | D:2      | Noticed Robin
   848 | D:2      | Killed Robin
   987 | D:2      | Found a glowing golden altar of the Shining One.
  1026 | D:3      | Found a faded altar of an unknown god.
  1099 | D:3      | Reached XP level 5. HP: 36/47 MP: 4/4
  1401 | D:3      | Reached *** piety under Trog
  1455 | D:3      | Found a stormy altar of Qazlal.
  1471 | D:3      | Found a sparkling altar of Nemelex Xobeh.
  1939 | D:4      | Found a blossoming altar of Fedhas.
  1995 | D:4      | Reached skill level 6 in Axes
  1999 | D:4      | Noticed an ogre
  2022 | D:4      | Reached skill level 5 in Fighting
  2027 | D:4      | Killed an ogre
  2027 | D:4      | Reached XP level 6. HP: 39/56 MP: 5/5
  2237 | D:4      | Noticed Sigmund
  2263 | D:4      | Killed Sigmund
  2263 | D:4      | Reached skill level 7 in Axes
  2263 | D:4      | Reached skill level 5 in Armour
  2263 | D:4      | Reached XP level 7. HP: 51/62 MP: 6/6
  2291 | D:4      | Found a white marble altar of Elyvilon.
  2519 | D:5      | Entered Level 5 of the Dungeon
  2531 | D:5      | Reached skill level 8 in Axes
  2556 | D:5      | Reached **** piety under Trog
  2610 | D:5      | Noticed Dowan
  2688 | D:5      | Reached XP level 8. HP: 53/71 MP: 7/7
  2713 | D:5      | Got a fine long sword
  2723 | D:5      | Identified the cursed +3 long sword of Cowardice {freeze,
                  | Fragile rC+ Str+3} (You found it on level 5 of the Dungeon)
  2732 | D:5      | Found a shadowy altar of Dithmenos.
  2884 | D:5      | Reached skill level 9 in Axes
  3124 | D:5      | Found a shimmering altar of Xom.
  3126 | D:5      | Noticed a two-headed ogre
  3128 | D:5      | Found a transporter.
  3158 | D:5      | Found a transporter.
  3195 | D:5      | Killed a two-headed ogre
  3195 | D:5      | Reached skill level 10 in Axes
  3195 | D:5      | Reached XP level 9. HP: 66/81 MP: 8/8
  3284 | D:5      | Noticed Duvessa
  3322 | D:5      | Killed Duvessa
  3329 | D:5      | Killed Dowan
  3370 | D:5      | Found a snail-covered altar of Cheibriados.
  3563 | D:6      | Found a radiant altar of Vehumet.
  3569 | D:6      | Reached skill level 11 in Axes
  3633 | D:6      | Found an iron altar of Okawaru.
  4355 | D:6      | Reached ***** piety under Trog
  4429 | D:6      | Found a shattered altar of Ashenzari.
  4550 | D:6      | Found a radiant altar of Vehumet.
  4774 | D:7      | Reached skill level 12 in Axes
  5103 | D:7      | Found a staircase to the Ecumenical Temple.
  5466 | D:8      | Reached XP level 10. HP: 86/91 MP: 9/9
  5589 | D:8      | Found a hazy altar of Hepliaklqana.
  5642 | D:8      | Noticed a lindwurm
  5642 | D:8      | Noticed a lindwurm
  5779 | D:8      | Noticed a two-headed ogre
  5791 | D:8      | Killed a two-headed ogre
  5791 | D:8      | Reached skill level 10 in Fighting
  5791 | D:8      | Reached skill level 13 in Axes
  5990 | D:8      | Noticed a two-headed ogre
  6000 | D:8      | Killed a two-headed ogre
  6268 | D:8      | Found a staircase to the Lair.
  6290 | D:8      | Reached skill level 10 in Armour
  6341 | D:8      | Found a glowing silver altar of Zin.
  6520 | D:8      | Noticed a lindwurm
  6521 | D:8      | Noticed a lindwurm
  6765 | D:9      | Found an ancient bone altar of Kikubaaqudgha.
  6920 | D:9      | Killed an unseen horror
  6920 | D:9      | Reached skill level 14 in Axes
  7047 | D:9      | Received a gift from Trog
  7135 | D:9      | Reached XP level 11. HP: 101/101 MP: 3/10
  7532 | D:10     | Entered Level 10 of the Dungeon
  7691 | D:10     | Killed an unseen horror
  8076 | D:10     | Found a radiant altar of Vehumet.
  8076 | D:10     | Noticed Erolcha
  8096 | D:10     | Killed Erolcha
  8450 | D:10     | Killed an unseen horror
  8513 | D:10     | Reached skill level 15 in Axes
  8738 | D:11     | Found a gate leading to a gauntlet.
  8975 | D:11     | Noticed Fannar
  8985 | D:11     | Killed Fannar
  9058 | D:11     | Noticed a purple ugly thing
  9071 | D:11     | Killed a purple ugly thing
  9499 | D:11     | Found a staircase to the Orcish Mines.
  9516 | Orc:1    | Entered Level 1 of the Orcish Mines
  9691 | Orc:1    | Noticed Harold
  9708 | Orc:1    | Killed Harold
  9853 | Orc:2    | Entered Level 2 of the Orcish Mines
 10033 | Orc:2    | Received a gift from Trog
 10033 | Orc:2    | Reached XP level 12. HP: 93/112 MP: 2/11
 10039 | Orc:1    | Reached skill level 16 in Axes
 10198 | Orc:2    | Noticed a two-headed ogre
 10203 | Orc:2    | Noticed a two-headed ogre
 10215 | Orc:1    | Killed a two-headed ogre
 10217 | Orc:1    | Killed a two-headed ogre
 10520 | Orc:2    | Noticed an ogre mage
 10529 | Orc:2    | Noticed a two-headed ogre
 10529 | Orc:2    | Noticed a two-headed ogre
 10544 | Orc:1    | Killed an ogre mage
 10734 | Orc:2    | Noticed a two-headed ogre
 10742 | Orc:1    | Killed a two-headed ogre
 10744 | Orc:1    | Killed a two-headed ogre
 10961 | Orc:2    | Noticed a two-headed ogre
 10966 | Orc:1    | Killed a two-headed ogre
 11348 | Orc:2    | Noticed a two-headed ogre
 11350 | Orc:1    | Received a gift from Trog
 11365 | Orc:1    | Reached skill level 17 in Axes
 11613 | Orc:1    | Killed a two-headed ogre
 11829 | Orc:2    | Killed a two-headed ogre
 12070 | Orc:2    | Noticed a two-headed ogre
 12080 | Orc:2    | Killed a two-headed ogre
 12592 | Orc:2    | Found Reykk's Food Boutique.
 12593 | Orc:2    | Found Menust's Book Boutique.
 12601 | Orc:2    | Found Dethug's Distillery.
 12611 | Orc:2    | Found Moebi Wai's Magic Scroll Shop.
 12665 | Orc:2    | Noticed an ogre mage
 12692 | Orc:2    | Killed an ogre mage
 12692 | Orc:2    | Reached XP level 13. HP: 116/122 MP: 4/12
 12753 | Orc:2    | Found a staircase to the Elven Halls.
 12800 | Elf:1    | Entered Level 1 of the Elven Halls
 12863 | Orc:2    | Bought a scroll of enchant armour for 112 gold pieces
 12877 | Orc:2    | Bought a ration for 65 gold pieces
 12877 | Orc:2    | Bought a ration for 65 gold pieces
 12877 | Orc:2    | Bought a ration for 65 gold pieces
 12877 | Orc:2    | Bought a ration for 65 gold pieces
 12877 | Orc:2    | Bought a ration for 65 gold pieces
 13039 | Orc:1    | Paralysed by an orc sorcerer for 6 turns
 13297 | Orc:1    | Noticed an orc warlord
 13407 | Orc:1    | Reached skill level 18 in Axes
 13551 | Orc:1    | Killed an orc warlord
 14031 | Orc:2    | Bought a scroll of teleportation for 45 gold pieces
 14039 | Orc:2    | Bought a potion of invisibility for 128 gold pieces
 14046 | Orc:2    | Bought a ration for 65 gold pieces
 14160 | D:12     | Found Guaxuocu's Jewellery Shoppe.
 14169 | D:12     | Got a transparent cloak
 14170 | D:12     | Identified the +2 cloak of Articulation {rC- Int+2 SInv}
                  | (You found it on level 12 of the Dungeon)
 14297 | D:12     | Upgraded the game from 0.24.0-1-gfbc8707122 to
                  | 0.24.0-2-g5b39cebb1c
 14426 | Lair:1   | Entered Level 1 of the Lair of Beasts
 14544 | Lair:1   | Received a gift from Trog
 14692 | Lair:1   | Noticed Gastronok
 14717 | Lair:1   | Killed Gastronok
 15845 | Lair:2   | Noticed Duaji's ghost (journeyman GrFi)
 15847 | Lair:2   | Found a transporter.
 15893 | Lair:2   | Found a transporter.
 16593 | Lair:3   | Reached skill level 19 in Axes
 16594 | Lair:3   | Found a hole to the Spider Nest.
 16721 | Lair:3   | Found a staircase to the Shoals.
 16730 | Shoals:1 | Entered Level 1 of the Shoals
 17016 | Lair:4   | Received a gift from Trog
 17563 | Lair:4   | Reached XP level 14. HP: 123/133 MP: 4/13
 17606 | Lair:4   | Got a polished plate armour
 17607 | Lair:4   | Identified the +6 plate armour of Muttered Phrases {-Tele
                  | rElec rF+ MR+} (You found it on level 4 of the Lair of
                  | Beasts)
 17776 | Lair:4   | Reached ****** piety under Trog
 18437 | Lair:5   | Reached skill level 15 in Fighting
 19062 | Lair:6   | Entered Level 6 of the Lair of Beasts
 19080 | Lair:6   | Received a gift from Trog
 19380 | Lair:6   | Reached skill level 15 in Armour
 19585 | Lair:6   | Reached skill level 5 in Dodging
 20228 | Lair:6   | Found a viscous altar of Jiyva.
 20228 | Lair:6   | Found a staircase to the Slime Pits.
 20487 | D:12     | Noticed Jorgrun
 20497 | D:12     | Killed Jorgrun
 20497 | D:12     | Reached skill level 20 in Axes
 20746 | D:12     | Received a gift from Trog
 20885 | D:12     | Bought the ring of Summertime {rPois rC- Dex+8} for 552
                  | gold pieces
 21001 | D:13     | Found a sparkling altar of Nemelex Xobeh.
 21045 | D:13     | Got a sparkling ivory ring
 21046 | D:13     | Identified the ring of Leowi {Ice rN+ Int-5 Dex+6 Stlth+}
                  | (You found it on level 13 of the Dungeon)
 21158 | D:13     | Reached XP level 15. HP: 145/145 MP: 4/14
 21270 | D:13     | Found a frozen archway.
 21469 | D:13     | Found a gate to the Vaults.
 21819 | Spider:1 | Entered Level 1 of the Spider Nest
 22556 | Spider:2 | Received a gift from Trog
 24615 | Spider:3 | Got a crude scale mail
 24616 | Spider:3 | Identified the +4 scale mail "Uffat" {rPois Int+4 SInv}
                  | (You found it on level 3 of the Spider Nest)
 24730 | Spider:3 | Noticed Agnes
 24736 | Spider:3 | Killed Agnes
 25153 | Spider:4 | Entered Level 4 of the Spider Nest
 25392 | Spider:4 | Noticed a ghost moth
 25400 | Spider:4 | Killed a ghost moth
 25459 | Spider:4 | Received a gift from Trog
 26042 | Spider:4 | HP: 1/147 [disintegration (19)]
 26514 | Spider:4 | Reached XP level 16. HP: 124/157 MP: 5/15
 27094 | Spider:4 | Received a gift from Trog
 27296 | Spider:4 | Reached skill level 21 in Axes
 27666 | Spider:4 | Got a gossamer rune of Zot
 28020 | Vaults:1 | Entered Level 1 of the Vaults
 28146 | Vaults:1 | Reached skill level 10 in Dodging
 29137 | Shoals:1 | You fall into a shaft and drop 1 floor!
 29147 | Shoals:2 | Received a gift from Trog
 29514 | Shoals:1 | Identified the cursed +0 chain mail of Dekesch {MR+++ Str-3
                  | Int-5 Dex+2}
 29554 | Shoals:1 | Found a runed translucent door.
 29556 | Shoals:1 | Noticed Eddaez Biosh's ghost (journeyman HOFi)
 30073 | Shoals:1 | Reached XP level 17. HP: 132/166 MP: 5/16
 30366 | Shoals:2 | Got a vibrating brass ring
 30569 | Shoals:2 | Got a crude ring mail
 30571 | Shoals:2 | Identified the +4 ring mail of Context {*Slow rPois rC+}
                  | (You found it on level 2 of the Shoals)
 30849 | Shoals:1 | Gained mutation: Armour fits poorly on your strangely
                  | shaped body. [potion of mutation]
 30849 | Shoals:1 | Gained mutation: You are weak. (Str -2) [potion of
                  | mutation]
 30849 | Shoals:1 | Gained mutation: Your mind is acute. (Int +2) [potion of
                  | mutation]
 30850 | Shoals:1 | Lost mutation: Armour fits poorly on your strangely shaped
                  | body. [potion of mutation]
 30850 | Shoals:1 | Lost mutation: You are weak. (Str -2) [potion of mutation]
 30850 | Shoals:1 | Gained mutation: You expend magic power (3 MP) to
                  | strengthen your wands. [potion of mutation]
 30850 | Shoals:1 | Lost mutation: Your mind is acute. (Int +2) [potion of
                  | mutation]
 30850 | Shoals:1 | Gained mutation: You are somewhat resistant to further
                  | mutation. [potion of mutation]
 30851 | Shoals:1 | Lost mutation: You are somewhat resistant to further
                  | mutation. [potion of mutation]
 30851 | Shoals:1 | Lost mutation: You expend magic power (3 MP) to strengthen
                  | your wands. [potion of mutation]
 30851 | Shoals:1 | Gained mutation: You are weak. (Str -2) [potion of
                  | mutation]
 30851 | Shoals:1 | Gained mutation: Armour fits poorly on your strangely
                  | shaped body. [potion of mutation]
 30851 | Shoals:1 | Gained mutation: You have sharp toenails. [potion of
                  | mutation]
 30852 | Shoals:1 | Identified the ring of Elitism {rPois Dex+2} (You found it
                  | on level 2 of the Shoals)
 30857 | Shoals:1 | Reached XP level 18. HP: 176/176 MP: 5/17
 31160 | Shoals:3 | Noticed Polyphemus
 31392 | Shoals:2 | Killed Polyphemus
 32502 | Shoals:4 | Entered Level 4 of the Shoals
 33755 | Shoals:4 | Found a runed translucent gate.
 33755 | Shoals:4 | Found a runed translucent gate.
 33755 | Shoals:4 | Found a runed translucent gate.
 33756 | Shoals:4 | Noticed puimuR's ghost (adept BaAK)
 33804 | Shoals:4 | HP: 5/176 [alligator snapping turtle (30)]
 33810 | Shoals:4 | Annihilated by an alligator snapping turtle

Levels and vault maps discovered:
D:1:      wander_arrival_estate, layout_rooms
D:2:      layout_basic, nicolae_tso_swordbearing_angel, uniq_robin,
          uniq_crazy_yiuf_cottage
D:3:      layout_basic, overflow_temple_1_default,
          nemelex_xobeh_ov_fountains_minmay, first_ration,
          chequers_ecumenical_altar_simple
D:4:      layout_basic, fedhas_ov_isle_minmay, elyvilon_altar_5, uniq_sigmund
D:5:      layout_cave_pools, gammafunk_temple_overflow_arena,
          kennysheep_slug_shrine, grunt_dithmenos_smoke_and_mirrors,
          uniq_duvessa
D:6:      layout_basic, nicolae_ashenzari_panopticon, lemuel_crystal_altar,
          nicolae_overflow_crystal_walls, serial_glass, glass_columns_b,
          glass_columns_b, lemuel_tele_altar
D:7:      layout_cave_pods, minmay_temple_entry_mist
D:8:      layout_rooms, old_standard_altar, zin_scriptorium,
          david_lair_shrubbed, the_bakery, kb_lookout_dungeons_type,
          minmay_lindwurm_lava
D:9:      layout_basic, lemuel_crystal_altar, hangedman_decor_points,
          glass_columns_a
D:10:     layout_roguey, basic_altar, lemuel_old_faithful, uniq_erolcha
D:11:     layout_basic, erik_orc_2, basic_altar, gauntlet_entry_generic,
          hangedman_abyss_or_decor_slice, uniq_fannar
D:12:     layout_basic, serial_shops, shop, uniq_jorgrun
D:13:     layout_irregular_city, david_vaults_5,
          portal_ice_cave_entry_ice_beasts, basic_altar
Lair:1:   layout_gridlike, roderic_batcave, beast_lair_carwin_3, uniq_gastronok
Lair:2:   layout_chaotic_city, gammafunk_ghost_arena, wad_woods_river_01
Lair:3:   layout_regular_city, elwin_shoals_entry_rocks, spider_nest_entry_webs,
          infiniplex_staircase_pool_2
Lair:4:   layout_hall_layers, kilobyte_rumbling_trees,
          minmay_lair_oklob_chamber, grunt_megastairs_4
Lair:5:   layout_gridlike, st_stairs_6
Lair:6:   minmay_lair_end_enchanted_forest, layout_misc_corridors,
          dpeg_slime_entry_enclosed_altar, st_stairs_11, grunt_megastairs_3,
          serial_bayou_shore_b, lemuel_fruit_tree
Shoals:1: cheibrodos_shoals_oceanic_diplomacy, layout_shoals,
          ebering_ghost_inner_flame, nicolae_shoals_loop_pool
Shoals:2: layout_shoals
Shoals:3: layout_shoals, nicolae_shoals_kraken_party, uniq_polyphemus
Shoals:4: shoals_end_simple, layout_shoals, shoal_ilsuiw,
          ebering_ghost_rock_garden, serial_shops, shop_fountains,
          uniq_bai_suzhen
Spider:1: layout_spider_delve, hangedman_spider_tarantella_strand
Spider:2: layout_spider_delve
Spider:3: layout_spider_delve, uniq_agnes
Spider:4: grunt_spider_rune_circles
Orc:1:    layout_caves, uniq_harold
Orc:2:    st_orc_open, layout_caves
Elf:1:    layout_geoelf_octagon, minmay_elf_sorcery, hangedman_research_quantum
Vaults:1: v_misc_11, nicolae_vaults_triangles, hangedman_vaults_locks,
          v_misc_16, st_octagons_1, vaults_mumra_hexcomb, vaults_room_fours,
          vaults_room_corners, ontoclasm_vaults_tryst,
          ontoclasm_vaults_ring_square, vaults_mumra_chevron_long,
          layout_vaults_omnibox

Skill      XL: |  1  2  3  4  5  6  7  8  9 10 11 12 13 14 15 16 17 18 |
---------------+-------------------------------------------------------+-----
Axes           | 4 5 6 7 8 10 12 14 15 17 19 20 21 | 21.8
Fighting       | 4 5 6 8 9 10 12 13 14 16 17 18 19 | 19.3
Armour         | 3 4 5 7 8 10 11 13 14 15 16 17 18 | 18.1
Dodging        | 5 8 10 11 12 | 12.2
Shields        | |  0.3
Evocations     | |  0.3

Action                   |  1- 3 |  4- 6 |  7- 9 | 10-12 | 13-15 | 16-18 || total
-------------------------+-------+-------+-------+-------+-------+-------++-------
Melee: Hand axe          |    74 |    73 |       |       |       |       ||   147
       Headbutt          |    13 |    30 |    67 |   132 |   238 |   118 ||   598
       War axe           |       |   121 |   323 |   157 |       |       ||   601
       Battleaxe         |       |       |       |   432 |   312 |       ||   744
       Executioner's axe |       |       |       |       |   695 |   515 ||  1210
       Kick              |       |       |       |       |       |    48 ||    48
Invok: Berserk           |       |       |     2 |     4 |     5 |     5 ||    16
       Brothers in Arms  |       |       |       |       |     4 |     4 ||     8
  Use: Scroll            |       |       |     3 |     1 |    13 |    20 ||    37
       Potion            |       |       |       |       |     3 |    10 ||    13
  Eat: Chunk             |       |     5 |    13 |    21 |    37 |    16 ||    92
       Ration            |       |       |       |     3 |     5 |     4 ||    12
Armor: Scale mail        |    23 |    60 |       |       |       |       ||    83
       Plate armour      |       |    16 |   135 |   358 |   652 |   471 ||  1632
Dodge: Dodged            |    27 |    44 |    75 |   349 |   837 |   500 ||  1832
Block: Large shield      |    45 |   125 |   212 |    89 |       |       ||   471
